 Dungeon Crawl Stone Soup version 0.30.1-11-g7821555f0a (webtiles) character file.

Game seed: 2100666101979512745

2492 KittyFluff the Covered (level 9, -2/82 HPs)
             Began as a Gargoyle Berserker on Nov 12, 2023.
             Was an Elder of Trog.
             Slain by a troll (8 damage)
             ... on level 7 of the Dungeon.
             The game lasted 00:19:10 (4521 turns).

KittyFluff the Covered (Gargoyle Berserker)         Turns: 4521, Time: 00:19:11

Health: -2/82      AC: 23    Str: 24    XL:     9   Next: 52%
Magic:  9/9        EV: 13    Int:  9    God:    Trog [****..]
Gold:   123        SH:  0    Dex: 15    Spells: 8/8 levels left

rFire   . . .        w - +3 flail (protect)
rCold   . . .        (no shield)
rNeg    + + .        m - +1 robe {rN+}
rPois   ∞            s - +0 helmet
rElec   +            B - +0 cloak
rCorr   .            v - +1 pair of gloves
SInv    .            F - +0 pair of boots
Will    .....        (no amulet) Stlth
                     n - +6 ring of dexterity
HPRegen 0.33/turn    (no ring)
MPRegen 0.11/turn

%: no passive effects
@: berserking, under a protective aura, very quick
A: sickness immunity, AC +6, negative energy resistance 1, electricity
resistance, torment resistance 1, petrification resistance
a: Renounce Religion, Berserk, Trog's Hand, Brothers in Arms


You were on level 7 of the Dungeon.
You worshipped Trog.
Trog was greatly pleased with you.
You visited 1 branch of the dungeon, and saw 7 of its levels.

You collected 303 gold pieces.
You spent 180 gold pieces at shops.

Inventory:

Hand Weapons
 r - a +5 mace of draining
 w - a +3 flail of protection (weapon)
Missiles
 d - 10 poisoned darts (quivered)
 p - a throwing net
 t - 3 boomerangs
Armour
 m - a +1 robe of positive energy (worn)
 s - a +0 helmet (worn)
 v - a +1 pair of gloves (worn)
 B - a +0 cloak (worn)
 F - a +0 pair of boots (worn)
Jewellery
 n - a +6 ring of dexterity (left hand)
Wands
 y - a wand of quicksilver (9)
Scrolls
 b - a scroll of amnesia {unknown}
 c - 3 scrolls of immolation {unknown}
 e - a scroll of vulnerability {unknown}
 g - a scroll of noise {unknown}
 i - 8 scrolls of teleportation {unknown}
 l - 2 scrolls of enchant armour {unknown}
 u - a scroll of fog {unknown}
 x - 2 scrolls of magic mapping {unknown}
 C - a scroll of fear {unknown}
 D - a scroll of torment {unknown}
Potions
 a - 5 potions of curing
 f - a potion of berserk rage
 h - a potion of attraction
 j - a potion of resistance
 k - a potion of flight
 o - a potion of heal wounds
 q - a potion of mutation {unknown}
 z - 2 potions of haste {unknown}
 A - a potion of lignification {unknown}
 E - a potion of degeneration {unknown}
 G - a potion of invisibility {unknown}


   Skills:
 + Level 6.1 Fighting
 * Level 7.4 Maces & Flails
 * Level 7.7 Armour
 + Level 4.2 Dodging
 + Level 5.4 Stealth


You had 8 spell levels left.
You didn't know any spells.
Your spell library was empty.

Dungeon Overview and Level Annotations

Branches:
Dungeon (7/15)             Temple (0/1) D:4

Altars:
Fedhas
Qazlal

Shops:
D:6 [


Innate Abilities, Weirdness & Mutations

You are immune to sickness and miasma.
Your stone body is resilient. (AC +6)
You are immune to poison.
You resist negative energy. (rN+)
You are resistant to electric shocks. (rElec)
You are resistant to unholy torment.
You are immune to petrification.


Message History

Your Stealth skill increases to level 5!
You hit the wraith but do no damage. You closely miss the purple ugly thing.
The purple ugly thing completely misses you.
You sock the purple ugly thing!
The purple ugly thing is moderately wounded.
The purple ugly thing claws you!
* * * LOW HITPOINT WARNING * * *
You hit the purple ugly thing.
The purple ugly thing is moderately wounded.
The purple ugly thing claws you but does no damage.
A red film seems to cover your vision as you go berserk!
You feel yourself moving faster!
You feel mighty! The purple ugly thing claws you.
* * * LOW HITPOINT WARNING * * *
You hit the purple ugly thing.
The purple ugly thing is moderately wounded.
You sock the purple ugly thing!
The purple ugly thing is heavily wounded.
The purple ugly thing claws you!
* * * LOW HITPOINT WARNING * * *
You completely miss the purple ugly thing.
The purple ugly thing is heavily wounded.
The purple ugly thing claws you but does no damage.
You bludgeon the purple ugly thing!!
The purple ugly thing is almost dead.
The purple ugly thing closely misses you.
You closely miss the purple ugly thing.
The purple ugly thing is almost dead.
You completely miss the purple ugly thing.
The purple ugly thing is almost dead.
The purple ugly thing barely misses you.
You sock the purple ugly thing!
You kill the purple ugly thing!
Trog accepts your kill.
Your Fighting skill increases to level 6!
Found a phial of floods and a runed short sword.
The wraith hits you but does no damage. The troll barely misses you.
The troll claws you but does no damage. The troll claws you!
You die...

#....######.#.........†(.....
#....'......#.........#......
#....#######..###+###..#..###
#####....### ##..## ##...##
#..........# #..##. ##.##
#..........# #.# .# ###
#..........###.# B# )
#..........##..##T##...#
#..............'@O...8..
#############..##W##...# #..#
W# } ##.##.# #..##. ##..##
##..# #..## #..##


You could see a boulder beetle, a two-headed ogre, a troll and 2 wraiths.

Vanquished Creatures
  An ugly thing (D:7)
  A komodo dragon (D:7)
  Sigmund (D:2)
  A water moccasin (D:5)
  An ice beast (D:5)
  A sky beast (D:7)
  A black bear (D:5)
  An ogre (D:4)
  2 phantoms
  A bullfrog (D:7)
  4 scorpions
  4 hounds
  2 jellies (D:4)
  An orc priest (D:5)
  A gnoll bouda (D:5)
  2 sleepcaps
  3 iguanas
  4 orc wizards
  A hound zombie (D:3)
  A hound skeleton (D:3)
  Robin (D:3)
  4 gnolls (D:5)
  A howler monkey skeleton (D:3)
  8 adders
  A shadow imp (D:5)
  2 ufetubi (D:4)
  An adder zombie (D:3)
  2 adder skeletons (D:3)
  2 worms (D:2)
  2 dart slugs
  19 orcs
  6 endoplasms
  17 goblins
  12 hobgoblins
  3 jackals (D:1)
  8 kobolds
  3 quokkas
  5 ball pythons
  A bat (D:3)
  5 frilled lizards
  A quokka skeleton (D:3)
  5 rats
143 creatures vanquished.

Notes
Turn   | Place    | Note
-------+----------+-------------------------------------------
     0 | D:1      | KittyFluff the Gargoyle Berserker began the quest for the
                  | Orb.
     0 | D:1      | Reached XP level 1. HP: 14/14 MP: 1/1
   222 | D:1      | Reached XP level 2. HP: 19/19 MP: 2/2
   707 | D:2      | Reached skill level 1 in Stealth
   707 | D:2      | Reached XP level 3. HP: 12/23 MP: 3/3
   821 | D:2      | Reached XP level 4. HP: 7/28 MP: 4/4
   948 | D:2      | Noticed Sigmund
   965 | D:2      | Killed Sigmund
   966 | D:2      | Reached XP level 5. HP: 16/33 MP: 5/5
   966 | D:2      | Reached XP level 6. HP: 19/38 MP: 6/6
  1216 | D:2      | Reached ** piety under Trog
  1787 | D:3      | Noticed Robin
  1866 | D:3      | Killed Robin
  2101 | D:3      | Reached *** piety under Trog
  2230 | D:4      | Reached XP level 7. HP: 35/44 MP: 7/7
  2410 | D:4      | Reached skill level 5 in Maces & Flails
  2593 | D:4      | Reached skill level 5 in Armour
  2864 | D:4      | Found a staircase to the Ecumenical Temple.
  2963 | D:5      | Entered Level 5 of the Dungeon
  3009 | D:5      | Reached XP level 8. HP: 41/48 MP: 8/8
  3031 | D:5      | Reached skill level 5 in Fighting
  3259 | D:5      | Reached **** piety under Trog
  3545 | D:5      | Found a stormy altar of Qazlal.
  3730 | D:5      | Found a blossoming altar of Fedhas.
  4106 | D:6      | Found Ixtal's Antique Armour Boutique.
  4130 | D:6      | Bought a pair of glowing gloves for 180 gold pieces
  4192 | D:6      | Reached XP level 9. HP: 45/54 MP: 9/9
  4492 | D:7      | Noticed a komodo dragon
  4492 | D:7      | Noticed a boulder beetle
  4493 | D:7      | Noticed a two-headed ogre
  4496 | D:7      | Noticed a troll
  4496 | D:7      | Noticed a purple ugly thing
  4508 | D:7      | Killed a komodo dragon
  4509 | D:7      | Reached skill level 5 in Stealth
  4515 | D:7      | HP: 4/82 [purple ugly thing (13)]
  4520 | D:7      | Killed a purple ugly thing
  4521 | D:7      | Slain by a troll

Illustrated notes

Levels and vault maps discovered:
D:1:      heliophobic_arrival_ceremonial_halls, layout_loops_ring
D:2:      layout_rooms, uniq_sigmund
D:3:      layout_basic, serial_undead, serial_undead_b, serial_undead_d,
          serial_undead_d, serial_undead_d, dk_noncrumbling_2, uniq_robin
D:4:      layout_loops_ring, minmay_temple_entry_antechambers
D:5:      layout_basic, nicolae_overflow_crystal_walls, fedhas_altar_3
D:6:      layout_gridville, serial_shops, nicolae_shop_crystal
D:7:      minmay_the_grid_octo_2x2 [minmay_the_grid_octo_checkered,
          minmay_the_grid_octo_chip, minmay_the_grid_octo_shrine,
          minmay_the_grid_octo_prize_square_snowflake], layout_basic,
          serial_shops, nicolae_shop_tiny_waterfront

Skill      XL: |  1  2  3  4  5  6  7  8  9 |
---------------+----------------------------+-----
Armour         | 3 4 5 6 7 |  7.7
Stealth        | 1 2 3 4 5 |  5.4
Dodging        | 2 3 4 |  4.2
Maces & Flails | 4 5 6 7 |  7.4
Fighting       | 4 5 6 |  6.1

Action                     |  1- 3 |  4- 6 |  7- 9 || total
---------------------------+-------+-------+-------++-------
  Melee: Mace              |    69 |   197 |   107 ||   373
         Punch             |       |     3 |     4 ||     7
         Flail             |       |       |    92 ||    92
 Invoke: Berserk           |       |     1 |     1 ||     2
    Use: Scroll            |       |     4 |     3 ||     7
   Stab: Sleeping          |     1 |     1 |     8 ||    10
         Distracted        |       |     1 |     1 ||     2
 Armour: Animal skin       |    26 |     2 |       ||    28
         Robe              |       |    81 |    88 ||   169
  Dodge: Dodged            |    61 |   105 |   125 ||   291
